 Dungeon Crawl Stone Soup version 0.26-a0-812-g31a745ddcd (webtiles) character file.

Game seed: 1280205075532837002

2186 reriks the Skirmisher (level 9, -1/93 HPs)
             Began as an Ogre Hunter on Nov 14, 2020.
             Was a Believer of Okawaru.
             Slain by an orc
             ... wielding a +0 whip
              (2 damage)
             ... on level 7 of the Dungeon.
             The game lasted 00:16:29 (14552 turns).

reriks the Skirmisher (Ogre Hunter)                Turns: 14552, Time: 00:16:29

Health: -1/93      AC:  8    Str: 21    XL:     9   Next: 33%
Magic:  20/20      EV: 14    Int: 12    God:    Okawaru [**....]
Gold:   357        SH:  0    Dex:  9    Spells: 8/8 levels left

rFire    + . .     SeeInvis .   g - +1 flail (vorpal)
rCold    + . .     Faith    .   (no shield)
rNeg     . . .     Spirit   .   y - +1 robe {rC+ rF+}
rPois    +         Reflect  .   (helmet restricted)
rElec    .         Harm     .   e - +2 cloak
rCorr    .         Rampage  .   (gloves unavailable)
MR       .....                  (boots unavailable)
Stlth    +++.......             s - amulet of magic regeneration
HPRegen  0.25/turn              w - ring of poison resistance
MPRegen  0.42/turn              F - ring of magical power

@: heroism, studying Transmutations
A: large, unfitting armour, tough skin 1
a: Heroism, Renounce Religion


You were on level 7 of the Dungeon.
You worshipped Okawaru.
Okawaru was pleased with you.
You visited 2 branches of the dungeon, and saw 8 of its levels.

You collected 357 gold pieces.

Inventory:

Hand Weapons
 a - a +0 short sword
 f - a +0 dagger of electrocution
 g - a +1 vorpal flail (weapon)
 l - a cursed -3 whip
 p - a +3 flail
 r - a +0 mace
Missiles
 c - 5 large rocks
 d - 3 throwing nets
 i - 149 stones (quivered)
Armour
 b - a +1 robe
 e - a +2 cloak (worn)
 y - a +1 robe of resistance (worn)
Jewellery
 s - an amulet of magic regeneration (around neck)
 v - an uncursed amulet of the acrobat
 w - a ring of poison resistance (left hand)
 F - a ring of magical power (right hand)
Wands
 o - a wand of disintegration (5)
 C - a wand of polymorph (8)
 I - a wand of digging (5)
Scrolls
 h - a scroll of fog {unknown}
 t - a scroll of magic mapping {unknown}
 u - a scroll of enchant weapon {unknown}
 z - a scroll of teleportation {unknown}
 B - 2 scrolls of blinking {unknown}
 E - a scroll of identify
 G - a scroll of summoning {unknown}
 H - a scroll of fear {unknown}
Potions
 j - a potion of ambrosia {unknown}
 k - a potion of lignification {unknown}
 m - 5 potions of flight
 n - 4 potions of brilliance {unknown}
 q - a potion of magic {unknown}
 x - a potion of curing
 D - a potion of might
Books
 A - a manual of Transmutations


   Skills:
 + Level 7.1(12.1) Fighting
 + Level 3.9(8.9) Maces & Flails
 + Level 6.3(11.3) Throwing
 + Level 4.0(9.0) Armour
 + Level 4.8(9.8) Dodging
 - Level 3.0(8.0) Stealth
 + Level 3.2 Invocations


You had 8 spell levels left.
You didn't know any spells.
Your spell library was empty.

Dungeon Overview and Level Annotations

Branches:
Dungeon (7/15)             Temple (1/1) D:4

Altars:
Cheibriados
Elyvilon
Fedhas
Okawaru
Ru
Sif Muna
Uskayaw
Vehumet
Wu Jian
Yredelemnul
Zin
The Shining One
Beogh

Shops:
D:4 (

Annotations:
D:3 3 runed translucent doors, HilariousDeathArtist's ghost, amateur MiCK
D:5 2 runed translucent doors, Rennog's ghost, novice GnWr


Innate Abilities, Weirdness & Mutations

You are too large for most types of armour.
You have tough skin. (AC +1)


Message History

The orc warrior hits you with a +0 flail!!
You barely miss the orc warrior.
The orc warrior is almost dead.
The orc warrior hits you with a +0 flail!
You barely miss the orc warrior.
The orc warrior is almost dead.
The orc warrior hits you with a +0 flail!
* * * LOW HITPOINT WARNING * * *
You hit the orc warrior.
The orc warrior is almost dead.
The orc wizard casts a spell.
The orc wizard blinks!
You barely miss the orc warrior.
The orc warrior is almost dead.
The orc warrior hits you with a +0 flail!!
* * * LOW HITPOINT WARNING * * *
You closely miss the orc warrior.
The orc warrior is almost dead.
The orc hits you with a +0 whip.
You die...

##.........#.###########......
#...........# #.......###
#.........### #####.###..##
####..†......# #.....#...##
#............# ###o##..#..##
#............# #...##..#..#
#............# #>###...#..#
#...........####o##...##..+
#..............@o.........#
#.....########?###..#.##..#
#..... #.# #.##.##..## #.....
..# #o##.##...## ####.. ####
#.##.##.#..## ##
##(##....##..#
####(.....###..##
##...(..#.###..##
.......<#.#...##


You could see an orc warrior, an orc wizard and an orc.

Vanquished Creatures
  3 sky beasts (D:5)
  A centaur (D:5)
  2 big kobolds
  Blork the orc (D:5)
  5 bullfrogs
  A scorpion (D:4)
  2 howler monkeys (D:5)
  A bullfrog zombie (D:6)
  3 jellies
  3 hounds
  5 orc priests
  10 orc wizards
  Ijyb (D:5)
  3 iguanas
  4 worker ants
  A killer bee zombie (D:5)
  7 gnolls
  13 adders
  A white imp (D:5)
  An ufetubus (D:5)
  A worm (D:3)
  A dart slug (D:4)
  2 leopard geckos
  30 orcs
  6 giant cockroaches
  10 goblins
  7 hobgoblins
  12 jackals
  10 kobolds
  8 ball pythons
  5 bats
  4 frilled lizards
  A rat (D:3)
165 creatures vanquished.

Notes
Turn   | Place    | Note
-------+----------+-------------------------------------------
     0 | D:1      | reriks the Ogre Hunter began the quest for the Orb.
     0 | D:1      | Reached XP level 1. HP: 22/22 MP: 1/1
   525 | D:1      | Reached XP level 2. HP: 25/29 MP: 2/2
   920 | D:1      | Reached skill level 3 in Fighting
   920 | D:1      | Reached skill level 1 in Stealth
  1675 | D:2      | Reached XP level 3. HP: 37/37 MP: 3/3
  1747 | D:2      | Found a blossoming altar of Fedhas.
  2117 | D:1      | Reached skill level 1 in Armour
  2117 | D:1      | Reached XP level 4. HP: 11/45 MP: 4/4
  3495 | D:2      | Reached XP level 5. HP: 54/54 MP: 5/5
  3836 | D:2      | Reached skill level 4 in Fighting
  4485 | D:3      | Found a radiant altar of Vehumet.
  5544 | D:3      | Reached skill level 1 in Maces & Flails
  5544 | D:3      | Reached XP level 6. HP: 26/62 MP: 6/6
  6418 | D:3      | Found a runed translucent gate.
  6418 | D:3      | Found a runed translucent gate.
  6420 | D:3      | Noticed HilariousDeathArtist's ghost (amateur MiCK)
  6423 | D:3      | Found a roughly hewn altar of Beogh.
  6423 | D:3      | Found a runed translucent gate.
  6423 | D:3      | Identified the +1 spear "Ehaeryu" {drain, rElec rF++ Int-2
                  | Stlth+}
  6658 | D:4      | Found Utice's Weapon Emporium.
  6809 | D:4      | Found a staircase to the Ecumenical Temple.
  6819 | Temple   | Entered the Ecumenical Temple
  6956 | Temple   | Became a worshipper of Warmaster Okawaru
  7291 | D:4      | Reached skill level 5 in Throwing
  7291 | D:4      | Reached XP level 7. HP: 62/71 MP: 7/7
  7385 | D:4      | You fall into a shaft and drop 1 floor!
  7385 | D:5      | Entered Level 5 of the Dungeon
  7388 | D:5      | Noticed Blork the orc
  7407 | D:5      | Killed Blork the orc
  7534 | D:5      | Reached skill level 5 in Fighting
  7584 | D:5      | Noticed Ijyb
  7606 | D:5      | Killed Ijyb
  8007 | D:5      | Reached * piety under Okawaru
  8835 | D:5      | Reached XP level 8. HP: 28/81 MP: 8/8
 10049 | D:5      | Found a runed translucent door.
 10142 | D:5      | Found a runed translucent door.
 10326 | D:5      | Noticed Rennog's ghost (novice GnWr)
 10530 | D:5      | Reached skill level 1 in Invocations
 10746 | D:5      | Reached skill level 6 in Fighting
 11014 | D:5      | Reached ** piety under Okawaru
 11850 | D:6      | Reached XP level 9. HP: 78/92 MP: 10/10
 13275 | D:7      | Reached skill level 7 in Fighting
 14551 | D:7      | HP: 1/93 [orc warrior/+0 flail (25)]
 14552 | D:7      | Slain by an orc

Illustrated notes

Levels and vault maps discovered:
D:1:      lemuel_arrival_river_ford, layout_loops_corners
D:2:      cheibrodos_pilgrimage, layout_rooms, fedhas_altar_1,
          minmay_snake_closets
D:3:      layout_basic, vehumet_crystals, biasface_ghost_orc_armoury
D:4:      layout_basic, minmay_temple_entry_hall, serial_shops,
          nicolae_shop_waterfront
D:5:      lemuel_upstairs_altar, layout_gridville, ebering_ghost_sewer_f,
          minmay_manual_mess, uniq_ijyb, uniq_blork_the_orc
D:6:      layout_basic
D:7:      minmay_the_grid_octo_2x2 [minmay_the_grid_octo_fan_narrow,
          minmay_the_grid_octo_concentric, minmay_the_grid_octo_pinwheel,
          minmay_the_grid_octo_prize_ultimate_mussel_roller], layout_rooms
Temple:   nicolae_temple_figure_eight

Skill      XL: |  1  2  3  4  5  6  7  8  9 |
---------------+----------------------------+-----
Fighting       | 3 4 5 6 7 |  7.1
Dodging        | 2 3 4 |  4.8
Stealth        | 1 2 3 |  3.0
Armour         | 1 2 3 4 |  4.0
Maces & Flails | 1 2 3 |  3.9
Throwing       | 5 6 |  6.3
Invocations    | 2 3 |  3.2

Action                   |  1- 3 |  4- 6 |  7- 9 || total
-------------------------+-------+-------+-------++-------
Melee: Short sword       |    99 |    13 |       ||   112
       Dagger            |       |    29 |       ||    29
       Mace              |       |    73 |       ||    73
       Flail             |       |    44 |   315 ||   359
       Unarmed           |       |       |     2 ||     2
       Punch             |       |       |     1 ||     1
Throw: Stone             |    25 |   213 |   357 ||   595
Invok: Heroism           |       |       |     2 ||     2
  Use: Scroll            |       |     7 |     4 ||    11
       Potion            |       |       |     4 ||     4
 Stab: Sleeping          |     1 |       |       ||     1
Armor: Robe              |    44 |    88 |   163 ||   295
       Skin              |       |       |     3 ||     3
Dodge: Dodged            |    76 |   103 |   210 ||   389

Table legend: (Time is in decaauts)
 A = Elapsed time spent in this place.
 B = Non-inter-level travel time spent in this place.
 C = Inter-level travel time spent in this place.
 D = Time resting spent in this place.
 E = Time spent auto-exploring this place.
 F = Levels seen in this place.
 G = Mean time per level.
                   A        B        C        D        E       F      G
               +--------+--------+--------+--------+--------+-----+--------+
         Total |  14600 |  14293 |    307 |   7895 |   4430 |   8 | 1825.0 |
       Dungeon |  14435 |  14155 |    280 |   7895 |   4301 |   7 | 2062.1 |
        Temple |    165 |    138 |     27 |      0 |    129 |   1 |  165.0 |
               +--------+--------+--------+--------+--------+-----+--------+

Top non-repeatable levels by time:
     D:5: 2750 daAuts
     D:6: 2527 daAuts
     D:3: 2297 daAuts
     D:2: 2199 daAuts
     D:1: 2061 daAuts
     D:4: 1616 daAuts
     D:7: 981 daAuts
  Temple: 165 daAuts
